 Dungeon Crawl Stone Soup version 0.19.5 (webtiles) character file.

7878 Gargoyl the Cleaver (level 11, 0/92 (94) HPs)
             Began as a Ghoul Abyssal Knight on Mar 28, 2017.
             Was a High Priest of Lugonu.
             Slain by an orc warrior
             ... wielding a +0 trident
              (17 damage)
             ... on level 10 of the Dungeon on Mar 29, 2017.
             The game lasted 00:27:56 (10701 turns).

Gargoyl the Cleaver (Ghoul Abyssal Knight)         Turns: 10701, Time: 00:27:57

HP:   0/92 (94)     AC: 17    Str: 17    XL:     11   Next: 22%
MP:   16/16         EV:  4    Int:  5    God:    Lugonu [*****.]
Gold: 971           SH: 12    Dex: 14    Spells: 0 memorised, 10 levels left

rFire  . . .     SeeInvis .     y - +6 war axe
rCold  + + +     Gourm    .     d - +0 plate armour
rNeg   + + +     Faith    .     E - +4 shield "Papuggie" {*Corrode rC+++ Int-2 Dex+3}
rPois  ∞         Spirit   .     m - +0 helmet
rElec  .         Reflect  .     l - +1 cloak {rPois}
rCorr  .         Harm     .     (no gloves)
MR     +....                    (no boots)
Stlth  ..........               (no amulet)
                                r - ring of protection from cold
                                b - ring of protection from magic

@: rotting
A: rotting body, claws 1, carnivore 3, cold resistance 1, negative energy
resistance 3, slow regeneration 1, torment resistance, unbreathing
a: Depart the Abyss, Bend Space, Banish, Corrupt, Enter the Abyss, Renounce
Religion


You were on level 10 of the Dungeon.
You worshipped Lugonu.
Lugonu was extremely pleased with you.
You were not hungry.

You visited 1 branch of the dungeon, and saw 11 of its levels.
You visited the Abyss 1 time.

You collected 971 gold pieces.

Inventory:

Hand Weapons
 i - a +0 trident
 n - a +0 war axe
 y - a +6 war axe (weapon)
Missiles
 K - 7 javelins (quivered)
Armour
 d - a +0 plate armour (worn)
 l - a +1 cloak of poison resistance (worn)
 m - a +0 helmet (worn)
 E - the +4 shield "Papuggie" (worn) {*Corrode rC+++ Int-2 Dex+3}
   (You found it on level 9 of the Dungeon)

   It affects your intelligence (-2).
   It affects your dexterity (+3).
   It renders you almost immune to cold.
   It may corrode you when you take damage.
Jewellery
 b - a ring of protection from magic (left claw)
 r - a ring of protection from cold (right claw)
 s - a +5 ring of slaying {unknown}
 B - an uncursed ring of ice
Wands
 e - a wand of digging (7/24)
 q - a wand of lightning (4/15)
 G - a wand of flame (8/48)
 L - a wand of disintegration (20/24)
Scrolls
 h - 2 scrolls of recharging
 j - a scroll of remove curse
 k - 3 scrolls of identify
 o - 2 scrolls of fear
 p - a scroll of fog
 v - a scroll of teleportation
 J - a scroll of blinking
Potions
 f - a potion of agility
 t - 3 potions of curing {unknown}
 u - 2 potions of magic
 x - a potion of berserk rage {unknown}
 z - a potion of cancellation
 H - 2 potions of ambrosia {unknown}
Books
 C - a book of Air

   Spells                             Type                      Level
   a - Shock                          Conjuration/Air              1
   b - Swiftness                      Charms/Air                   2
   c - Repel Missiles                 Charms/Air                   2
   d - Static Discharge               Conjuration/Air              3
   e - Lightning Bolt                 Conjuration/Air              5
 D - a book of Enchantments

   Spells                             Type                      Level
   a - Cause Fear                     Hexes                        4
   b - Yara's Violent Unravelling     Hexes/Transmutation          5
   c - Silence                        Hexes/Air                    5
   d - Deflect Missiles               Charms/Air                   6
   e - Discord                        Hexes                        8
 I - a book of Callings

   Spells                             Type                      Level
   a - Summon Small Mammal            Summoning                    1
   b - Call Imp                       Summoning                    2
   c - Call Canine Familiar           Summoning                    3
   d - Summon Guardian Golem          Hexes/Summoning              3
   e - Summon Lightning Spire         Summoning/Air                4
   f - Summon Ice Beast               Ice/Summoning                4
Comestibles
 a - 2 royal jellies
 c - 8 meat rations
 g - 3 beef jerkies


   Skills:
 + Level 7.9 Fighting
 + Level 9.4 Axes
 + Level 0.6 Throwing
 * Level 8.7 Armour
 + Level 1.5 Dodging
 + Level 2.3 Shields
 * Level 8.1 Invocations


You had 10 spell levels left.
You didn't know any spells.

Dungeon Overview and Level Annotations

Branches:
Dungeon (11/15)            Temple (0/1) D:7            Lair (0/6) D:11
    Orc: D:9-12

Altars:

Annotations:
D:6 Prince Ribbit


Innate Abilities, Weirdness & Mutations

Your body is rotting away.
You thrive on raw meat.
You are immune to poison.
You have sharp fingernails.
You are carnivorous and can eat meat at any time.
Your flesh is cold resistant. (rC+)
You are immune to negative energy. (rN+++)
You regenerate slowly when monsters are visible.
You are immune to unholy pain and torment.
You can survive without breathing.


Message History

You hit the orc warrior.
The elephant tramples you but does no damage.
The elephant trunk-slaps you but does no damage.
You block the orc warrior's attack.
You slash the elephant!
The elephant is moderately wounded.
You slash the orc warrior! The elephant tramples you.
You hold your ground!
The elephant trunk-slaps you but does no damage.
The orc warrior hits you with a trident!
* * * LOW HITPOINT WARNING * * *
The elephant tramples you.
* * * LOW HITPOINT WARNING * * *
You hold your ground!
The elephant barely misses you.
Press: ? - help, Shift-Dir - straight line, f - elephant
Aim: an elephant (moderately wounded, chance to defeat MR: 56%)
You fail to use your ability.
The elephant tramples you!
* * * LOW HITPOINT WARNING * * *
You hold your ground!
You block the elephant's attack.
The orc warrior hits you with a trident!
You die...

###.......# #.#
#.......# #.##
#.......# #..#
####.###### ##.#
#....# #.# #.####
###.#### ..#
#......# ###
#.Y....# #..@...#
##...o..#
######.......#
#......#######
###.###### #...#
######.###########
...<...##........#
.########........#


You could see an elephant and an orc warrior.

Vanquished Creatures
  Pikel (D:6)
  A two-headed ogre (D:9)
  A hippogriff (D:9)
  2 wyverns
  A hungry ghost (D:9)
  A vampire mosquito (D:9)
  Menkaure (D:4)
  3 orc warriors
  2 sky beasts
  A black bear (D:10)
  3 ice beasts
  3 ogres
  5 phantoms
  9 centaurs
  A crocodile (D:11)
  3 big kobolds
  A wyvern zombie (D:10)
  5 bullfrogs
  8 scorpions
  12 killer bees (D:10)
  3 wights (D:7)
  6 crimson imps
  A howler monkey (D:5)
  2 centaur zombies
  4 hounds
  A quasit (D:9)
  A bullfrog zombie (D:7)
  13 orc wizards
  Crazy Yiuf (D:2)
  7 orc priests
  A bullfrog skeleton (D:4)
  3 iguanas
  4 worker ants
  A killer bee zombie (D:9)
  A hound skeleton (D:8)
  Robin (D:4)
  19 adders
  2 shadow imps
  4 oozes
  An adder zombie (D:3)
  An adder skeleton (D:4)
  A dart slug (D:1)
  6 leopard geckos
  39 orcs
  3 ball pythons
  10 giant cockroaches
  11 goblins
  13 hobgoblins
  8 jackals
  5 quokkas
  7 bats
  8 frilled lizards
  16 kobolds
  3 leopard gecko skeletons
  A leopard gecko zombie (D:5)
  3 rats
275 creatures vanquished.

Vanquished Creatures (others)
  A hydra (D:10)
  An orc warrior (D:9)
  An ogre (D:6)
  A slave (D:6)
  A crimson imp (D:5)
  3 orcs (D:6)
8 creatures vanquished.

Grand Total: 283 creatures vanquished

Notes
Turn   | Place    | Note
-------+----------+-------------------------------------------
     0 | Abyss:1  | Gargoyl the Ghoul Abyssal Knight began the quest for the Orb.
     0 | Abyss:1  | Reached XP level 1. HP: 19/19 MP: 1/1
    91 | Abyss:1  | Found a corrupted altar of Lugonu.
   146 | Abyss:2  | Noticed a large abomination
   159 | Abyss:2  | Noticed an orange demon
   159 | D:1      | Escaped the Abyss
   396 | D:1      | Reached XP level 2. HP: 23/26 MP: 2/2
   428 | D:1      | Reached skill level 2 in Axes
   477 | D:1      | Reached * piety under Lugonu
   600 | D:1      | Reached XP level 3. HP: 31/31 MP: 3/3
  1146 | D:2      | Found a runed door.
  1390 | D:2      | Reached XP level 4. HP: 40/40 MP: 4/4
  1676 | D:2      | Noticed Crazy Yiuf
  1678 | D:2      | Paralysed by Crazy Yiuf for 3 turns
  1696 | D:2      | Killed Crazy Yiuf
  1754 | D:2      | Reached skill level 3 in Axes
  1754 | D:2      | Reached XP level 5. HP: 15/46 MP: 6/6
  1906 | D:3      | Reached ** piety under Lugonu
  1992 | D:3      | Reached skill level 1 in Dodging
  2309 | D:3      | Reached XP level 6. HP: 15/51 MP: 7/7
  2944 | D:4      | Reached skill level 4 in Axes
  3018 | D:4      | Reached *** piety under Lugonu
  3020 | D:4      | Noticed a phantom
  3397 | D:3      | Killed a phantom
  3397 | D:3      | Reached XP level 7. HP: 28/59 MP: 8/8
  3997 | D:4      | Noticed Menkaure
  4011 | D:4      | Killed Menkaure
  4119 | D:4      | Reached skill level 5 in Armour
  4160 | D:5      | Entered Level 5 of the Dungeon
  4337 | D:4      | Reached XP level 8. HP: 53/67 MP: 10/10
  4347 | D:4      | Noticed Robin
  4356 | D:4      | Reached skill level 5 in Axes
  4388 | D:4      | Killed Robin
  4619 | D:4      | Reached skill level 5 in Fighting
  4747 | D:5      | Reached **** piety under Lugonu
  4829 | D:6      | Reached skill level 6 in Axes
  4903 | D:6      | Reached skill level 5 in Invocations
  5398 | D:5      | Reached XP level 9. HP: 51/73 MP: 10/12
  5870 | D:6      | Got a jewelled mace
  5871 | D:6      | Identified the +5 mace "Jellybane" {distort, Stlth+} (You found it on level 6 of the Dungeon)
  6024 | D:6      | Noticed Prince Ribbit
  6032 | D:6      | Noticed Pikel
  6050 | D:6      | Killed Pikel
  6280 | D:6      | Reached skill level 7 in Axes
  7293 | D:7      | Found a staircase to the Ecumenical Temple.
  7419 | D:7      | Reached XP level 10. HP: 65/84 MP: 14/14
  8364 | D:9      | Reached skill level 8 in Axes
  8574 | D:9      | Got a brightly glowing shield
  8580 | D:9      | Identified the +4 shield "Papuggie" {*Corrode rC+++ Int-2 Dex+3} (You found it on level 9 of the Dungeon)
  9180 | D:10     | Entered Level 10 of the Dungeon
  9180 | D:10     | Noticed an eight-headed hydra
  9181 | D:10     | Banished an eight-headed hydra
  9181 | D:10     | Reached skill level 1 in Shields
  9270 | D:10     | Reached skill level 9 in Axes
  9318 | D:10     | Reached XP level 11. HP: 83/92 MP: 15/15
  9643 | D:10     | Reached ***** piety under Lugonu
 10243 | D:11     | Found a staircase to the Lair.
 10701 | D:10     | Slain by an orc warrior

Skill      XL: |  1  2  3  4  5  6  7  8  9 10 11 |
---------------+----------------------------------+-----
Armour         | 2 3 4 5 6 7 8 |  8.7
Axes           | 2 3 4 6 7 9 |  9.4
Fighting       | 4 5 6 7 |  7.9
Invocations    | 3 4 5 6 7 8 |  8.1
Dodging        | 1 |  1.5
Shields        | 1 2 |  2.3
Throwing       | |  0.6

Action                   |  1- 3 |  4- 6 |  7- 9 | 10-12 || total
-------------------------+-------+-------+-------+-------++-------
Melee: Hand axe          |   127 |   306 |    48 |       ||   481
       War axe           |       |       |   492 |   452 ||   944
Throw: Tomahawk          |       |       |     4 |       ||     4
       Javelin           |       |       |       |     2 ||     2
Invok: Depart the Abyss  |     1 |       |       |       ||     1
       Banish            |       |     1 |     4 |     2 ||     7
       Bend Space        |       |       |       |     1 ||     1
  Use: Scroll            |     5 |     3 |    14 |     5 ||    27
       Potion            |       |     6 |     1 |       ||     7
  Eat: Chunk             |    11 |    32 |    55 |    50 ||   148
Armor: Plate armour      |   120 |   277 |   492 |   360 ||  1249
Dodge: Dodged            |    36 |    96 |   165 |    87 ||   384
Block: Shield            |       |       |       |   245 ||   245
